 Dungeon Crawl Stone Soup version 0.29.1-12-g30fa7ad0bf (webtiles) character file.

Game seed: 12862866112304784043

7471 Luthien the Thaumaturge (level 10, -2/65 HPs)
             Began as a Deep Elf Conjurer on Jan 2, 2023.
             Was a Believer of Vehumet.
             Slain by a troll (12 damage)
             ... on level 9 of the Dungeon on Jan 3, 2023.
             The game lasted 01:15:32 (13248 turns).

Luthien the Thaumaturge (Deep Elf Conjurer)        Turns: 13248, Time: 01:15:33

Health: -2/65      AC:  8    Str: 14    XL:     10   Next: 94%
Magic:  8/28       EV: 12    Int: 31    God:    Vehumet [**....]
Gold:   100        SH:  0    Dex:  8    Spells: 22/33 levels left

rFire   . . .      SeeInvis .   M - +8 long sword of Circularity {vorpal, rN+ Will+ Str+3 Dex-3}
rCold   . . .      Faith    .   (no shield)
rNeg    + . .      Spirit   .   U - +0 steam dragon scales
rPois   +          Reflect  .   (no helmet)
rElec   .          Harm     .   f - +1 cloak
rCorr   .          Rampage  .   E - +0 pair of gloves
Will    +++..                   (no boots)
Stlth   ++........              y - amulet of regeneration
HPRegen 1.00/turn               R - ring of willpower
MPRegen 0.21/turn               s - ring "Ycvoz" {rPois Str+4}

@: no status effects
A: clever 1, strong 1
a: Renounce Religion


You were on level 9 of the Dungeon.
You worshipped Vehumet.
Vehumet was pleased with you.
You visited 2 branches of the dungeon, and saw 11 of its levels.

You collected 575 gold pieces.
You spent 475 gold pieces at shops.

Inventory:

Hand Weapons
 e - a +0 dagger
 t - a +0 short sword of venom
 C - a +0 sling
 F - a +3 falchion of freezing
 I - a +3 great sword
 J - a +4 short sword
 K - a +3 dagger of freezing
 M - the +8 long sword of Circularity (weapon) {vorpal, rN+ Will+ Str+3 Dex-3}
   (You found it on level 7 of the Dungeon)

   It inflicts extra damage upon your enemies.
   Str:       It affects your strength (+3).
   Dex:       It affects your dexterity (-3).
   rN:        It protects you from negative energy.
   Will:      It increases your willpower.
Missiles
 i - 86 stones (quivered)
 W - a throwing net
Armour
 a - a +0 robe
 f - a +1 cloak (worn)
 z - a +0 leather armour of cold resistance
 E - a +0 pair of gloves (worn)
 N - the +1 pair of gloves of Liberty {Contam Harm Will+++ Stlth-}
   (You found it on level 7 of the Dungeon)

   Contam:    It causes magical contamination when unequipped.
   Harm:      It increases damage dealt and taken.
   Will:      It greatly increases your willpower.
   Stlth:     It makes you less stealthy.
 U - +0 steam dragon scales (worn)
Jewellery
 j - a +6 ring of intelligence
 s - the ring "Ycvoz" (right hand) {rPois Str+4}
   (You found it on level 4 of the Dungeon)

   [ring of poison resistance]

   Str:       It affects your strength (+4).
   rPois:     It protects you from poison.
 y - an amulet of regeneration (around neck)
 H - an amulet of reflection
 R - a ring of willpower (left hand)
Wands
 v - a wand of flame (38)
 D - a wand of digging (10)
 G - a wand of mindburst (14)
 P - a wand of polymorph (4)
 T - a wand of roots (5)
Scrolls
 g - a scroll of magic mapping
 k - a scroll of amnesia {unknown}
 l - 7 scrolls of blinking
 m - 2 scrolls of noise {unknown}
 n - 3 scrolls of fog
 o - a scroll of vulnerability {unknown}
 r - 2 scrolls of enchant armour
 w - 6 scrolls of fear
 B - 8 scrolls of teleportation
 L - 2 scrolls of enchant weapon
Potions
 b - a potion of magic
 c - 4 potions of mutation
 d - 3 potions of berserk rage
 h - 2 potions of haste
 p - a potion of might
 q - a potion of lignification
 u - 2 potions of degeneration
 x - 3 potions of curing
 A - 3 potions of attraction
 O - a potion of brilliance
 Q - a potion of flight
 S - 2 potions of heal wounds
 V - a potion of resistance {unknown}


   Skills:
 * Level 8.5 Fighting
 - Level 3.0 Dodging
 - Level 3.0 Stealth
 + Level 12.3 Spellcasting
 + Level 10.1 Conjurations
 - Level 5.0 Hexes
 - Level 3.0 Translocations


You had 22 spell levels left.
You knew the following spells:

 Your Spells              Type           Power      Damage    Failure   Level
a - Magic Dart            Conj           100%       1d8       1%          1
b - Searing Ray           Conj           100%       2d8       1%          2
i - Iskenderun's Mystic   Conj/Tloc      56%        2d12      1%          4
p - Fulminant Prism       Conj/Hex       30%        3d16      1%          4

Your spell library contained the following spells:

 Spells                   Type           Power      Damage    Failure   Level
 Poisonous Vapours        Pois/Air       38%        N/A       3%          2
 Foxfire                  Conj/Fire      100%       2x1d9     1%          1
 Conjure Flame            Conj/Fire      50%        6-21      1%          3
 Dazzling Flash           Conj/Hex       100%       N/A       1%          3
 Summon Small Mammal      Summ           76%        N/A       2%          1
 Inner Flame              Hex/Fire       34%        N/A       2%          3
 Summon Guardian Golem    Hex/Summ       34%        N/A       2%          3
 Flame Wave               Conj/Fire      50%        2d12      3%          4
 Call Canine Familiar     Summ           19%        N/A       8%          3


Dungeon Overview and Level Annotations

Branches:
Dungeon (10/15)            Temple (1/1) D:5
   Lair: D:8-11         Orc: D:9-12

Altars:
Ashenzari
Cheibriados
Dithmenos
Fedhas
Hepliaklqana
Kikubaaqudgha
Makhleb
Nemelex Xobeh
Okawaru
Qazlal
Ru
Trog
Uskayaw
Vehumet
Wu Jian
Xom
Yredelemnul
Zin
The Shining One

Shops:
D:1 !?   D:2 (   D:4 (:   D:8 (

Annotations:
D:7 1 runed translucent door, Crazy Yiuf


Innate Abilities, Weirdness & Mutations

Your mind is acute. (Int +4, Str/Dex -1)
Your muscles are strong. (Str +4, Int/Dex -1)


Message History

The troll barely misses you.
You hear a shout!
The searing ray hits the troll.
The troll is heavily wounded.
A kobold opens the door.
A kobold brigand comes into view.
It is wielding a +0 dagger and quivering poisoned darts.
The troll barely misses you. The troll claws you. The troll closely misses you.
The kobold shoots a sling bullet.
The sling bullet barely misses you. The troll bites you.
The troll barely misses you. The troll claws you.
The kobold brigand shouts!
You climb upwards.
There is a stone staircase leading down here.
Casting: Searing Ray (safe; 1% risk of failure)
Confirm with . or Enter, or press ? or * to list all spells.
Aiming: Fulminant Prism (dangerous; 1% risk of failure)
Press: ? - help, Dir - move target You conjure a prism of explosive energy!
A fulminant prism comes into view.
The troll bites you but does no damage. The troll claws you but does no damage.
The troll barely misses you. The troll attacks as you move away!
The troll barely misses you. The troll claws you. The troll closely misses you.
Your fulminant prism crackles loudly.
The troll attacks as you move away! The troll bites you! The troll claws you.
The troll claws you!
Your fulminant prism explodes!
The blast of energy engulfs the troll!!
The troll is almost dead.
Casting: Fulminant Prism (dangerous; 1% risk of failure)
Confirm with . or Enter, or press ? or * to list all spells.
Aiming: Fulminant Prism (dangerous; 1% risk of failure)
Press: ? - help, Dir - move target You conjure a prism of explosive energy!
A fulminant prism comes into view.
The troll bites you!
* * * LOW HITPOINT WARNING * * *
The troll claws you.
* * * LOW HITPOINT WARNING * * *
The troll claws you!
You die...

..##............#.###.#.######
..##.#..........#.#...#.#
..##.#.....####.#.#.###.#
..##.#.###.# #.#...# #.#
..##.#.# #.## #.#..## #.#
..##.#.# #..# #...## #.#
.....#.####.# #...# #.#
.........##.# #<..# #.#
###########.####@.#####.#
)..............T*.......#
###########...>##.......#####
####.####.........# ########
#.................# .......#
#.................# .......#
#........####.##### .......#
####.##.........# )..)...#
#.##.........#


You could see a troll (ally target) and a friendly fulminant prism.

Vanquished Creatures
  Erolcha (D:9)
  2 two-headed ogres
  A hornet (D:10)
  Prince Ribbit (D:5)
  5 yaks (D:8)
  A wyvern (D:9)
  Eustachio (D:6)
  A steam dragon (D:9)
  Grum (D:9)
  Menkaure (D:7)
  A water moccasin (D:9)
  A black bear (D:4)
  4 orc warriors
  3 wolves (D:9)
  4 centaurs
  2 ogres
  A phantom (D:5)
  2 bullfrogs (D:7)
  2 necrophages
  5 scorpions
  5 wights (D:6)
  15 killer bees
  3 howler monkeys
  A jelly (D:5)
  6 hounds
  A gnoll bouda (D:6)
  3 orc priests
  Jessica (D:3)
  6 iguanas
  13 orc wizards
  6 gnolls
  3 adders
  2 white imps (D:6)
  3 worms (D:2)
  3 dart slugs
  38 orcs
  2 ball pythons
  4 bats
  3 endoplasms
  2 giant cockroaches
  11 goblins
  5 hobgoblins
  6 kobolds
  3 quokkas
  5 frilled lizards
  5 rats
195 creatures vanquished.

Vanquished Creatures (others)
  79 fulminant prisms
  3 plants (D:7)
82 creatures vanquished.

Grand Total: 277 creatures vanquished

Notes
Turn   | Place    | Note
-------+----------+-------------------------------------------
     0 | D:1      | Luthien the Deep Elf Conjurer began the quest for the Orb.
     0 | D:1      | Reached XP level 1. HP: 10/10 MP: 6/6
   114 | D:1      | Found Saobaubru's Magic Scroll Shop.
   237 | D:1      | Found Leacok's Distillery.
   445 | D:1      | Reached XP level 2. HP: 15/15 MP: 6/8
   449 | D:1      | Learned a level 2 spell: Searing Ray
  1228 | D:2      | Gained mutation: Your muscles are strong. (Str +4, Int/Dex
                  | -1) [potion of mutation]
  1228 | D:2      | Gained mutation: Your mind is acute. (Int +4, Str/Dex -1)
                  | [potion of mutation]
  1517 | D:2      | Reached XP level 3. HP: 19/19 MP: 6/10
  2148 | D:2      | Found Alav's Weapon Shop.
  2662 | D:3      | Found a burning altar of Makhleb.
  2781 | D:3      | Reached skill level 5 in Conjurations
  2830 | D:3      | Reached skill level 1 in Fighting
  2847 | D:3      | Reached skill level 4 in Spellcasting
  2847 | D:3      | Reached XP level 4. HP: 25/25 MP: 10/12
  3020 | D:3      | Noticed Jessica
  3024 | D:3      | Killed Jessica
  3509 | D:4      | Noticed a scorpion
  3511 | D:4      | Killed a scorpion
  3512 | D:4      | Reached XP level 5. HP: 25/30 MP: 10/14
  3558 | D:4      | Found a stormy altar of Qazlal.
  3605 | D:4      | Identified the ring "Ycvoz" {rPois Str+4}
  3801 | D:4      | Reached skill level 5 in Spellcasting
  3910 | D:4      | Reached XP level 6. HP: 35/35 MP: 10/16
  3966 | D:4      | Found a blossoming altar of Fedhas.
  4069 | D:4      | Found Horim's Self-Improvement Boutique.
  4276 | D:4      | Reached skill level 6 in Spellcasting
  4362 | D:4      | Learned a level 4 spell: Fulminant Prism
  4370 | D:4      | Learned a level 4 spell: Iskenderun's Mystic Blast
  4640 | D:4      | Found Qentuar's Antique Weapon Shop.
  4735 | D:5      | Entered Level 5 of the Dungeon
  4767 | D:5      | Noticed an orc warrior
  4772 | D:5      | Reached skill level 1 in Hexes
  4772 | D:5      | Reached skill level 1 in Translocations
  4772 | D:5      | Reached XP level 7. HP: 27/40 MP: 8/18
  4988 | D:5      | Reached skill level 7 in Spellcasting
  5019 | D:5      | Found a staircase to the Ecumenical Temple.
  5076 | Temple   | Entered the Ecumenical Temple
  5261 | Temple   | Became a worshipper of Vehumet
  5364 | D:5      | Noticed Prince Ribbit
  5372 | D:5      | Killed Prince Ribbit
  5373 | D:5      | Reached XP level 8. HP: 20/44 MP: 4/21
  6164 | D:5      | You fall into a shaft and drop 3 floors!
  6333 | D:7      | Reached skill level 8 in Spellcasting
  6449 | D:5      | Found a hide-covered altar of Uskayaw.
  6914 | D:6      | Reached skill level 5 in Hexes
  6925 | D:6      | Reached skill level 9 in Spellcasting
  7217 | D:6      | Noticed Eustachio
  7285 | D:5      | Reached skill level 10 in Spellcasting
  7405 | D:6      | Killed Eustachio
  7747 | D:6      | Found an ancient bone altar of Kikubaaqudgha.
  8127 | D:6      | Found a sacrificial altar of Ru.
  8316 | D:6      | Reached XP level 9. HP: 51/51 MP: 20/25
  8763 | D:7      | Found an ornate altar of the Wu Jian Council.
  8990 | D:7      | Reached * piety under Vehumet
  8990 | D:7      | Offered knowledge of Freeze by Vehumet.
  8991 | D:7      | Reached skill level 5 in Fighting
  9063 | D:7      | Identified the +8 long sword of Circularity {vorpal, rN+
                  | Will+ Str+3 Dex-3}
  9663 | D:7      | Noticed Menkaure
  9747 | D:7      | Killed Menkaure
  9858 | D:7      | Identified the +1 pair of gloves of Liberty {Contam Harm
                  | Will+++ Stlth-}
  9971 | D:7      | Found a runed translucent door.
  9972 | D:7      | Noticed Crazy Yiuf
 10540 | D:8      | Offered knowledge of Scorch by Vehumet.
 10541 | D:8      | Reached ** piety under Vehumet
 10792 | D:8      | Found an iron altar of Okawaru.
 11110 | D:8      | Found a hazy altar of Hepliaklqana.
 11195 | D:8      | Reached skill level 11 in Spellcasting
 11195 | D:8      | Reached XP level 10. HP: 61/61 MP: 11/27
 12013 | D:8      | Found Agittuan's Firing Range.
 12193 | D:1      | Bought a scroll of fog for 40 gold pieces
 12193 | D:1      | Bought a scroll of teleportation for 30 gold pieces
 12193 | D:1      | Bought a scroll of fear for 40 gold pieces
 12193 | D:1      | Bought 3 scrolls of teleportation for 90 gold pieces
 12193 | D:1      | Bought a scroll of magic mapping for 75 gold pieces
 12193 | D:1      | Bought a scroll of blinking for 75 gold pieces
 12193 | D:1      | Bought a scroll of enchant weapon for 75 gold pieces
 12234 | D:1      | Bought a potion of heal wounds for 50 gold pieces
 12412 | D:9      | Noticed Grum
 12419 | D:9      | Killed Grum
 12859 | D:9      | Noticed a two-headed ogre
 12865 | D:9      | Killed a two-headed ogre
 12866 | D:9      | Offered knowledge of Poisonous Vapours by Vehumet.
 13077 | D:9      | Noticed Erolcha
 13081 | D:9      | Killed Erolcha
 13082 | D:9      | Reached skill level 12 in Spellcasting
 13193 | D:10     | Entered Level 10 of the Dungeon
 13195 | D:10     | Noticed a two-headed ogre
 13200 | D:10     | Killed a two-headed ogre
 13201 | D:10     | Reached skill level 10 in Conjurations
 13248 | D:9      | Slain by a troll

Illustrated notes

Levels and vault maps discovered:
D:1:      dpeg_arrival_leaves_temple_mockup, layout_rooms, serial_shops,
          nicolae_shop_stone, shop
D:2:      layout_basic, serial_shops, nicolae_shop_bloodbath_and_beyond
D:3:      layout_rooms, nicolae_overflow_hidden_temple, kennysheep_minor_cross,
          minivault_26, uniq_jessica
D:4:      layout_loops_corners, lemuel_crystal_altar,
          mainiacjoe_overflow_24_doors, serial_shops, shop,
          nicolae_shop_self_help
D:5:      layout_basic, lemuel_tele_altar, temple_green, uniq_prince_ribbit1
D:6:      layout_basic, mainiacjoe_overflow_brackets, marbit_many_paths,
          minmay_tree_intersection, uniq_eustachio
D:7:      layout_loops_corners, mainiacjoe_overflow_chevrons,
          nicolae_elevator_lobby_plus, uniq_menkaure, uniq_crazy_yiuf_cottage
D:8:      layout_basic, lemuel_crystal_altar, okawaru_altar_gauntlet_db,
          nicolae_shop_firing_range
D:9:      layout_basic, uniq_grum, uniq_erolcha
D:10:     layout_gridville, grunt_temple_overflow_diamond, david_lair_shrubbed,
          minmay_fire_ice_demons, uniq_snorg, uniq_fannar, uniq_psyche
Temple:   hellmonk_temple_beads

Skill      XL: |  1  2  3  4  5  6  7  8  9 10 |
---------------+-------------------------------+-----
Stealth        | 3 |  3.0
Dodging        | 3 |  3.0
Conjurations   | 5 6 7 8 10 | 10.1
Fighting       | 1 2 3 6 8 |  8.5
Spellcasting   | 4 5 6 7 10 11 12 | 12.3
Hexes          | 1 3 5 |  5.0
Translocations | 1 3 |  3.0

Action                   |  1- 3 |  4- 6 |  7- 9 | 10-12 || total
-------------------------+-------+-------+-------+-------++-------
Melee: Dagger            |     1 |     1 |     1 |       ||     3
       Falchion          |       |       |     2 |       ||     2
       Long sword        |       |       |     8 |     4 ||    12
 Cast: Magic Dart        |    54 |    33 |    82 |    13 ||   182
       Searing Ray       |    13 |    18 |    29 |    10 ||    70
       Fulminant Prism   |       |     2 |    51 |    27 ||    80
  Use: Potion            |     2 |       |       |       ||     2
       Scroll            |       |       |       |    10 ||    10
Armor: Robe              |     4 |     1 |       |       ||     5
       Leather armour    |       |       |     8 |     1 ||     9
       Steam dragon scal |       |       |       |     3 ||     3
Dodge: Dodged            |     6 |     5 |    25 |    22 ||    58
